 Dungeon Crawl Stone Soup version 0.29.0-13-gc9e81de378 (webtiles) character file.

Game seed: 6622299124297985372

7144 robertstho the Protected (level 11, -2/71 HPs)
             Began as a Tengu Berserker on Sept 9, 2022.
             Was an Elder of Trog.
             Slain by an orc warrior
             ... wielding a +0 trident
              (13 damage)
             ... on level 9 of the Dungeon.
             The game lasted 00:10:57 (8912 turns).

robertstho the Protected (Tengu Berserker)          Turns: 8912, Time: 00:10:58

Health: -2/71      AC: 15    Str: 22    XL:     11   Next: 10%
Magic:  0/21       EV: 11    Int:  9    God:    Trog [****..]
Gold:   703        SH:  0    Dex: 12    Spells: 10/10 levels left

rFire   + . .      SeeInvis +   q - +0 glaive (protect)
rCold   . . .      Faith    .   (shield currently unavailable)
rNeg    + . .      Spirit   +   C - +0 chain mail
rPois   +          Reflect  .   p - +0 hat of Articulation {*Slow rF+ Regen+ Str+3}
rElec   .          Harm     .   i - +1 cloak
rCorr   .          Rampage  .   n - +0 pair of gloves
Will    ++...                   (boots unavailable)
Stlth   ..........              j - amulet of guardian spirit
HPRegen 2.01/turn               d - ring of magical power
MPRegen 0.17/turn               b - ring of Tytzi {rPois rN+ Dex-3 SInv}

@: strong-willed, on berserk cooldown, flying quickly and evasively,
regenerating, slowed, invisible, very slow
A: beak, talons 3, nimble flight
a: Renounce Religion, Berserk, Trog's Hand, Brothers in Arms


You were on level 9 of the Dungeon.
You worshipped Trog.
Trog was greatly pleased with you.
You visited 1 branch of the dungeon, and saw 9 of its levels.

You collected 703 gold pieces.

Inventory:

Hand Weapons
 a - a +0 spear
 g - a +2 trident of flaming
 o - a +2 war axe of flaming
 q - a +0 glaive of protection (weapon)
 z - a +1 spear of venom
Missiles
 y - 5 throwing nets (quivered)
Armour
 i - a +1 cloak (worn)
 n - a +0 pair of gloves (worn)
 p - the +0 hat of Articulation (worn) {*Slow rF+ Regen+ Str+3}
   (You acquired it on level 7 of the Dungeon)

   Str:       It affects your strength (+3).
   rF:        It protects you from fire.
   Regen:     It increases your rate of health regeneration.
   *Slow:     It may slow you when you take damage.
 C - a +0 chain mail (worn)
 F - a +0 buckler
Jewellery
 b - the ring of Tytzi (right hand) {rPois rN+ Dex-3 SInv}
   (You acquired it on level 1 of the Dungeon)

   [ring of positive energy]

   Dex:       It affects your dexterity (-3).
   rPois:     It protects you from poison.
   rN:        It protects you from negative energy.
   SInv:      It lets you see invisible.
 d - a ring of magical power (left hand)
 j - an amulet of guardian spirit (around neck)
Wands
 c - a wand of iceblast (7)
 v - a wand of digging (5)
 x - a wand of charming (12)
 D - a wand of acid (11)
 H - a wand of mindburst (5)
Scrolls
 h - a scroll of immolation
 r - 3 scrolls of teleportation
 s - a scroll of torment {unknown}
 t - a scroll of summoning {unknown}
 w - a scroll of fog {unknown}
 B - 2 scrolls of enchant weapon
 E - a scroll of poison
 I - a scroll of fear
Potions
 e - 2 potions of ambrosia
 f - a potion of heal wounds {unknown}
 k - a potion of flight {unknown}
 l - 3 potions of might
 u - a potion of haste
 A - a potion of invisibility


   Skills:
 * Level 9.4 Fighting
 + Level 10.7 Polearms
 * Level 10.8 Armour
 + Level 4.6 Dodging
 + Level 2.4 Stealth
 + Level 0.3 Shields
 + Level 0.6 Evocations


You had 10 spell levels left.
You didn't know any spells.
Your spell library was empty.

Dungeon Overview and Level Annotations

Branches:
Dungeon (9/15)             Temple (0/1) D:7             Orc (0/2) D:9
   Lair: D:8-11

Altars:
Ashenzari
Cheibriados
Fedhas
Vehumet
Yredelemnul
Zin


Innate Abilities, Weirdness & Mutations

You have a beak for a mouth.
You have claws for feet.
Your magical nature lets you fly swiftly and evasively.


Message History

Trog accepts your kill.
The orc warrior hits you but does no damage.
The orc warrior closely misses you.
You completely miss the orc warrior. You claw the orc warrior!
The orc warrior is heavily wounded.
The orc warrior hits you but does no damage.
The orc warrior hits you from afar with a +0 trident!
* * * LOW HITPOINT WARNING * * *
You slash the orc warrior! You claw the orc warrior.
You kill the orc warrior!
Trog accepts your kill. The orc warrior barely misses you.
The orc warrior hits you but does no damage.
You closely miss the orc warrior.
You are no longer berserk.
You are exhausted.
You feel as though you will be slow longer.
The orc warrior completely misses you.
You barely miss the orc warrior. Your kick misses the orc warrior.
You peck the orc warrior, but do no damage.
The orc warrior hits you with a +0 trident!
* * * LOW HITPOINT WARNING * * *
The orc warrior hits you with a +0 trident.
* * * LOW HITPOINT WARNING * * *
You closely miss the orc warrior. Your kick misses the orc warrior.
The orc warrior hits you with a +0 trident.
The orc warrior hits you but does no damage.
You fade into invisibility!
The orc warrior hits you with a +0 trident!
* * * LOW HITPOINT WARNING * * *
You feel better. The orc warrior closely misses you.
The orc warrior hits you with a +0 trident!
* * * LOW HITPOINT WARNING * * *
You feel better.
The orc warrior hits you with a +0 trident!
* * * LOW HITPOINT WARNING * * *
Your skin crawls.
You feel strong-willed.
The orc warrior hits you with a +0 trident!
You die...

.... ... #.........
.... #.........
....### #..........
....... #..........
.......####..........
.......))............
.......)............#
.......@)...........#
......o..###........#
..>......# #........#
.........# #.######.#
.........# #.#.<..#
.......### #.#....#
....... #.#....#
....... #.#'##+#.###
#....[......


You could see an orc warrior (unable to see you).

Vanquished Creatures
  A two-headed ogre (D:8)
  Maurice (D:8)
  A troll (D:9)
  Prince Ribbit (D:8)
  7 yaks (D:8)
  A wraith (D:9)
  Sigmund (D:2)
  Grum (D:8)
  3 water moccasins
  4 orc warriors
  4 ice beasts
  A black bear (D:5)
  2 sky beasts (D:8)
  2 wolves (D:8)
  An ogre (D:7)
  2 centaurs
  A phantom (D:6)
  2 kobold brigands
  Blork the orc (D:5)
  4 bullfrogs
  3 necrophages
  A gnoll sergeant (D:8)
  3 scorpions
  12 wights
  2 electric eels (D:7)
  A howler monkey (D:8)
  5 hounds
  2 jellies (D:6)
  5 orc priests
  2 gnoll boudas (D:5)
  2 iguanas
  6 orc wizards
  Robin (D:2)
  13 gnolls
  3 adders (D:2)
  2 shadow imps
  2 white imps
  An ufetubus (D:7)
  2 worms
  11 dart slugs
  19 orcs
  7 endoplasms
  9 giant cockroaches
  8 hobgoblins
  2 quokkas
  13 ball pythons
  6 bats
  3 frilled lizards
  14 goblins
  13 kobolds
  2 rats
216 creatures vanquished.

Notes
Turn   | Place    | Note
-------+----------+-------------------------------------------
     0 | D:1      | robertstho the Tengu Berserker began the quest for the Orb.
     0 | D:1      | Reached XP level 1. HP: 14/14 MP: 2/2
   214 | D:1      | Reached XP level 2. HP: 19/19 MP: 3/3
   253 | D:1      | Found a faded altar of an unknown god.
   846 | D:1      | Identified a scroll of acquirement
   846 | D:1      | Acquired the ring of Tytzi {rPois rN+ Dex-3 SInv}
   872 | D:2      | Noticed Sigmund
   875 | D:2      | Killed Sigmund
   876 | D:2      | Reached skill level 1 in Stealth
   876 | D:2      | Reached XP level 3. HP: 24/24 MP: 4/4
   876 | D:2      | Reached XP level 4. HP: 30/30 MP: 5/5
   876 | D:2      | Gained mutation: Your magical nature lets you fly swiftly
                  | and evasively. [Tengu growth]
   876 | D:2      | Reached XP level 5. HP: 34/34 MP: 6/6
  1052 | D:2      | Noticed Robin
  1062 | D:2      | Killed Robin
  1208 | D:2      | Reached ** piety under Trog
  1408 | D:2      | Reached XP level 6. HP: 40/40 MP: 7/7
  1889 | D:3      | Reached skill level 5 in Fighting
  2766 | D:4      | Reached skill level 5 in Polearms
  2976 | D:4      | Noticed an ice beast
  2992 | D:4      | Killed an ice beast
  2993 | D:4      | Reached XP level 7. HP: 43/44 MP: 8/8
  3993 | D:5      | Entered Level 5 of the Dungeon
  4136 | D:5      | Reached skill level 5 in Armour
  4327 | D:5      | Reached XP level 8. HP: 48/51 MP: 9/9
  4609 | D:5      | Noticed Blork the orc
  4622 | D:5      | Killed Blork the orc
  4870 | D:5      | Identified the +4 war axe "Opom Ven" {pain, +Blink rF-
                  | rCorr}
  5782 | D:6      | Reached XP level 9. HP: 40/56 MP: 10/10
  6457 | D:6      | Found a broken altar of Ashenzari.
  6458 | D:6      | Found a glowing silver altar of Zin.
  6460 | D:6      | Found a basalt altar of Yredelemnul.
  6460 | D:6      | Found a snail-covered altar of Cheibriados.
  7148 | D:7      | Reached *** piety under Trog
  7459 | D:7      | Found a staircase to the Ecumenical Temple.
  7475 | D:7      | Acquired the +0 hat of Articulation {*Slow rF+ Regen+
                  | Str+3}
  7837 | D:8      | Found a blossoming altar of Fedhas.
  7850 | D:8      | Noticed Grum
  7861 | D:8      | Killed Grum
  7864 | D:8      | Reached XP level 10. HP: 51/64 MP: 11/11
  7963 | D:8      | Found a radiant altar of Vehumet.
  7990 | D:8      | Noticed a two-headed ogre
  8004 | D:8      | Killed a two-headed ogre
  8175 | D:8      | Reached **** piety under Trog
  8210 | D:8      | Noticed Prince Ribbit
  8230 | D:8      | Reached skill level 10 in Armour
  8236 | D:8      | Killed Prince Ribbit
  8237 | D:8      | Reached skill level 10 in Polearms
  8313 | D:8      | Noticed Maurice
  8326 | D:8      | Killed Maurice
  8678 | D:9      | Noticed a death yak
  8687 | D:9      | Noticed a death yak
  8689 | D:9      | Noticed a death yak
  8700 | D:8      | Reached XP level 11. HP: 42/71 MP: 10/12
  8887 | D:9      | Found a staircase to the Orcish Mines.
  8912 | D:9      | Slain by an orc warrior

Illustrated notes

Levels and vault maps discovered:
D:1:      spicycebolla_arrival_xxxplode, layout_basic, serial_curves,
          eino_curves_02, eino_curves_02, basic_ecumenical_altar
D:2:      layout_rooms, uniq_robin, uniq_sigmund
D:3:      layout_basic
D:4:      layout_layer_cave, hangedman_decor_push
D:5:      nicolae_cairo_tiling_large, layout_basic, uniq_blork_the_orc
D:6:      minmay_razor_zed, layout_basic,
          chequers_temple_overflow_statue_of_worship
D:7:      kennysheep_slugbush, layout_basic, minmay_temple_entry_waves,
          fountainhead
D:8:      layout_basic, amcnicky_altar_gilded, nicolae_vehumet_altar_sigil,
          uniq_prince_ribbit1, uniq_grum, uniq_maurice
D:9:      layout_irregular_city, dpeg_lair_monsters, david_orc_3

Skill      XL: |  1  2  3  4  5  6  7  8  9 10 |
---------------+-------------------------------+-----
Fighting       | 4 5 6 7 9 |  9.4
Polearms       | 4 5 6 7 8 10 | 10.7
Stealth        | 1 2 |  2.4
Armour         | 3 4 5 7 9 10 | 10.8
Dodging        | 3 4 |  4.6
Shields        | |  0.3
Evocations     | |  0.6

Action                   |  1- 3 |  4- 6 |  7- 9 | 10-12 || total
-------------------------+-------+-------+-------+-------++-------
Melee: Spear             |    43 |   169 |   351 |       ||   563
       Kick              |     8 |    25 |    83 |    40 ||   156
       Peck              |     1 |    18 |    49 |    28 ||    96
       Punch             |       |       |     2 |       ||     2
       Glaive            |       |       |    13 |   161 ||   174
Invok: Berserk           |     1 |     5 |     6 |     6 ||    18
       Trog's Hand       |       |       |     1 |     1 ||     2
Evoke: Wand              |       |       |     4 |       ||     4
  Use: Scroll            |     2 |     1 |     9 |     3 ||    15
       Potion            |       |       |     2 |     3 ||     5
 Stab: Sleeping          |     3 |       |       |       ||     3
Armor: Animal skin       |     4 |       |       |       ||     4
       Scale mail        |       |    52 |    52 |       ||   104
       Chain mail        |       |       |    73 |   149 ||   222
Dodge: Dodged            |    18 |    53 |   134 |   132 ||   337
Block: Buckler           |       |       |     2 |       ||     2
